 Dungeon Crawl Stone Soup version 0.25-b1-46-gb8a1ec05df (webtiles) character file.

Game seed: 6579332199068387810

16583 grindst0ne the Thaumaturge (level 12, 0/92 (94) HPs)
             Began as a Gnoll Skald on June 10, 2020.
             Was a Priest of Ru.
             Succumbed to a wolf spider's poison
             ... on level 2 of the Lair of Beasts.
             The game lasted 00:31:46 (14865 turns).

grindst0ne the Thaumaturge (Gnoll Skald)           Turns: 14865, Time: 00:31:47

HP:   0/92 (94)     AC:  8    Str: 19    XL:     12   Next: 39%
MP:   33/33         EV: 16    Int: 19    God:    Ru [***...]
Gold: 420           SH:  0    Dex: 12    Spells: 14/28 levels left

rFire    . . .     SeeInvis .   R - +2 battleaxe of Suskiov {freeze, MR+ MP+9 Str+3}
rCold    . . .     Gourm    .   (shield currently unavailable)
rNeg     . . .     Faith    .   N - +0 troll leather armour
rPois    .         Spirit   .   J - +2 hat
rElec    .         Reflect  .   (no cloak)
rCorr    .         Harm     .   (no gloves)
MR       +....                  G - +0 pair of boots
Stlth    ..........             (no amulet)
HPRegen  0.65/turn              B - ring of wizardry
MPRegen  0.23/turn              (no ring)

@: lethally poisoned (0 -> -9), infused, singing, no potions, lightly drained
A: distributed training, fangs 1, clumsy 1, inability to drink while threatened,
no stealth, hated by all, strong nose
a: Draw Out Power, Renounce Religion


You were on level 2 of the Lair of Beasts.
You worshipped Ru.
Ru was most pleased with you.
You were not hungry.

You visited 2 branches of the dungeon, and saw 13 of its levels.

You collected 813 gold pieces.
You spent 393 gold pieces at shops.

Inventory:

Hand Weapons
 v - a +2 quarterstaff of protection
 E - a cursed +5 war axe
 H - a +0 great sword of holy wrath
 R - the +2 battleaxe of Suskiov (weapon) {freeze, MR+ MP+9 Str+3}
   (You found it on level 2 of the Lair of Beasts)

   It has been specially enchanted to freeze those struck by it, causing extra
   injury to most foes and up to half again as much damage against particularly
   susceptible opponents.
   It can also slow down cold-blooded creatures.
   It affects your strength (+3).
   It affects your resistance to hostile enchantments.
   It affects your magic capacity (+9).
Missiles
 p - 10 boomerangs
 I - 2 javelins (quivered)
 O - 3 silver javelins
 S - a throwing net
Armour
 q - the -2 pair of gloves "Igyil" {rElec}
   (You found it on level 10 of the Dungeon)

   It insulates you from electricity.
 y - a cursed +0 plate armour
 G - a +0 pair of boots (worn)
 J - a +2 hat (worn)
 N - a +0 troll leather armour (worn)
Jewellery
 s - an uncursed ring of ice
 B - a ring of wizardry (left hand)
Wands
 b - a wand of disintegration (22)
 c - a wand of paralysis (8)
 e - a wand of clouds (2)
 k - a wand of acid (11)
 F - a wand of random effects (18)
 K - a wand of iceblast (7)
Scrolls
 a - 5 scrolls of remove curse
 m - 5 scrolls of amnesia
 o - 3 scrolls of blinking
 r - 5 scrolls of teleportation
 t - 2 scrolls of fear
 x - a scroll of enchant weapon
 z - 4 scrolls of magic mapping
 A - a scroll of fog
 L - 2 scrolls of identify
Potions
 f - 2 potions of heal wounds
 g - 7 potions of stabbing
 h - 5 potions of flight
 i - 3 potions of brilliance
 j - 3 potions of mutation
 l - 2 potions of haste
 n - 2 potions of might
 u - a potion of magic
 w - 3 potions of lignification
 C - 2 potions of cancellation
 D - 6 potions of curing
 M - a potion of ambrosia
Miscellaneous
 P - a phial of floods
Comestibles
 d - 27 rations
 Q - a chunk of flesh


   Skills:
 + Level 8.5(8.1) Fighting
 + Level 7.1(6.7) Short Blades
 + Level 7.1(6.7) Long Blades
 + Level 8.5(8.1) Axes
 + Level 7.1(6.7) Maces & Flails
 + Level 7.1(6.7) Polearms
 + Level 7.1(6.7) Staves
 + Level 7.1(6.7) Slings
 + Level 7.1(6.7) Bows
 + Level 7.1(6.7) Crossbows
 + Level 7.1(6.7) Throwing
 + Level 7.6(7.2) Armour
 + Level 8.5(8.1) Dodging
   Level 0.0 Stealth
 + Level 7.1(6.7) Shields
 + Level 7.1(6.7) Unarmed Combat
 + Level 8.8(8.4) Spellcasting
 + Level 5.9(5.5) Conjurations
 + Level 5.9(5.5) Hexes
 + Level 8.1(7.8) Charms
 + Level 5.9(5.5) Summonings
 + Level 5.9(5.5) Necromancy
 + Level 5.9(5.5) Translocations
 + Level 5.9(5.5) Transmutations
 + Level 5.9(5.5) Fire Magic
 + Level 5.9(5.5) Ice Magic
 + Level 5.9(5.5) Air Magic
 + Level 5.9(5.5) Earth Magic
 + Level 5.9(5.5) Poison Magic
 + Level 7.8(7.4) Invocations
 + Level 7.1(6.7) Evocations


You had 14 spell levels left.
You knew the following spells:

 Your Spells              Type           Power        Failure   Level  Hunger
a - Infusion              Chrm           ####         1%          1    None
b - Song of Slaying       Chrm           #####...     1%          2    None
c - Shroud of Golubria    Chrm/Tloc      ####..       1%          2    None
d - Mephitic Cloud        Conj/Pois/Air  ####....     1%          3    None
e - Statue Form           Tmut/Erth      ####.....    50%         6    ######.

Your spell library contained the following spells:

 Spells                   Type           Power        Failure   Level  Hunger
 Sting                    Tmut/Pois      ####         1%          1    None
 Poisonous Vapours        Pois/Air       ####..       1%          2    None
 Confusing Touch          Hex            ####....     1%          3    None
 Gell's Gravitas          Tloc           ####......   1%          3    None
 Ignite Poison            Fire/Tmut/Pois ####....     1%          3    None
 Ozocubu's Armour         Chrm/Ice       ####....     1%          3    None
 Spectral Weapon          Hex/Chrm       ####....     1%          3    None
 Cause Fear               Hex            ####......   4%          4    ###....
 Olgreb's Toxic Radiance  Pois           ####....     4%          4    ###....
 Petrify                  Tmut/Erth      ####....     4%          4    ###....
 Irradiate                Conj/Tmut      ####......   12%         5    #####..
 Metabolic Englaciation   Hex/Ice        ####......   12%         5    #####..
 Silence                  Hex/Air        ####......   12%         5    #####..
 Yara's Violent Unravell  Hex/Tmut       ####......   12%         5    #####..
 Hydra Form               Tmut           ####......   50%         6    ######.
 Dragon Form              Tmut           ####......   96%         7    #######
 Discord                  Hex            ####......   100%        8    #######


Dungeon Overview and Level Annotations

Branches:
Dungeon (11/15)            Temple (0/1) D:7            Lair (2/6) D:8
 Spider (0/4) Lair:2          Orc (0/2) D:10
  Swamp: Lair:2-4    Shoals: Lair:2-4

Altars:
Dithmenos
Fedhas
Kikubaaqudgha
Makhleb
Nemelex Xobeh
Ru
Sif Muna
Trog
Uskayaw
Wu Jian
Yredelemnul
The Shining One

Shops:
D:4 *   D:7 =   D:9 *   D:10 ?

Annotations:
D:7 1 runed translucent door, Wanze's ghost, novice HOAK
D:9 3 runed translucent doors, p0werm0de's ghost, novice DDFi
D:11 3 runed translucent doors, Sedillia's ghost, journeyman DDFi


Innate Abilities, Weirdness & Mutations

Your experience applies equally to all skills.
You have very sharp teeth.
You are clumsy. (Dex -2)
You cannot drink potions while threatened.
You cannot be stealthy.
You are hated by all.
Your uncanny sense of smell can sniff out nearby items.


Message History

You feel very sick.
You cannot drink potions in your current state!
You cannot drink potions in your current state!
That item cannot be evoked!
* * * LOW HITPOINT WARNING * * *
You feel sick.
* * * LOW HITPOINT WARNING * * *
You feel sick.
* * * LOW HITPOINT WARNING * * *
You feel sick.
You feel less exhausted.
* * * LOW HITPOINT WARNING * * *
You feel sick.
Okay, then.
You cannot drink potions in your current state!
Evoke which item? (* to show all) (? for menu, Esc to quit)
Okay, then.
Okay, then.
You cannot drink potions in your current state!
You die...

##.......P.........
#........P......P..
#..........###P....
...................
...................
..####.......#....
####...............
###....>.#........... #
∆##...@....#...........
.#.##.........#...........
........##................
.8....##..................
..............######......
...8.#........# ..##.#...
... ##.......## >..###...
. #........# ...^^#...
...##......##^^^^^##..


There were no monsters in sight!

Vanquished Creatures
  Gastronok (D:8)
  Harold (D:9)
  A hydra (Lair:1)
  2 two-headed ogres
  Pikel (D:5)
  A deep elf mage (D:11)
  An ugly thing (D:11)
  2 black mambas
  A spiny frog (Lair:1)
  A kobold demonologist (D:11)
  A komodo dragon (Lair:2)
  2 hippogriffs
  3 blink frogs (Lair:1)
  A hornet (D:11)
  2 trolls
  A spriggan (D:7)
  A shadow (D:11)
  6 yaks (D:11)
  2 wyverns
  A wraith (D:7)
  A steam dragon (D:11)
  A hungry ghost (D:9)
  2 water moccasins (Lair:1)
  6 porcupines
  4 slaves (D:5)
  3 ogres
  A sky beast (D:9)
  2 orc warriors
  2 phantoms
  2 ice beasts
  3 necrophages
  10 centaurs
  2 crocodiles (Lair:1)
  Blork the orc (D:6)
  8 bullfrogs
  A big kobold (D:9)
  A water moccasin zombie (D:8)
  3 scorpions
  5 killer bees (D:11)
  9 wights
  6 howler monkeys
  An electric eel (Lair:2)
  5 crimson imps
  2 hounds (D:4)
  3 jellies
  2 bullfrog skeletons
  4 human zombies (D:7)
  8 orc priests
  8 orc wizards
  2 centaur skeletons
  2 iguanas
  10 worker ants
  An ogre zombie (D:7)
  2 mummies (D:7)
  2 worker ant zombies
  10 gnolls
  13 adders
  4 shadow imps
  2 oozes
  2 adder zombies
  2 adder skeletons (D:4)
  3 worms
  6 leopard geckos
  35 orcs
  12 giant cockroaches
  9 goblins
  9 hobgoblins
  3 jackals (D:5)
  7 quokkas
  2 ball pythons
  14 frilled lizards
  6 kobolds
  2 leopard gecko skeletons (D:4)
  4 rats
  2 fungi (Lair:2)
304 creatures vanquished.

Vanquished Creatures (others)
  Joseph (D:8)
  A porcupine (Lair:1)
2 creatures vanquished.

Grand Total: 306 creatures vanquished

Notes
Turn   | Place    | Note
-------+----------+-------------------------------------------
     0 | D:1      | grindst0ne the Gnoll Skald began the quest for the Orb.
     0 | D:1      | Reached XP level 1. HP: 20/20 MP: 6/6
   270 | D:1      | Reached XP level 2. HP: 23/26 MP: 7/7
   962 | D:1      | Learned a level 2 spell: Song of Slaying
   965 | D:1      | Learned a level 2 spell: Shroud of Golubria
  1285 | D:2      | Reached skill level 5 in Spellcasting
  1285 | D:2      | Reached XP level 3. HP: 31/31 MP: 7/9
  1492 | D:2      | Reached skill level 1 in Invocations
  1653 | D:2      | You fall into a shaft and drop 2 floors!
  1661 | D:4      | Reached skill level 1 in Short Blades
  1661 | D:4      | Reached skill level 1 in Long Blades
  1661 | D:4      | Reached skill level 1 in Maces & Flails
  1661 | D:4      | Reached skill level 1 in Polearms
  1661 | D:4      | Reached skill level 1 in Staves
  1661 | D:4      | Reached skill level 1 in Slings
  1661 | D:4      | Reached skill level 1 in Bows
  1661 | D:4      | Reached skill level 1 in Crossbows
  1661 | D:4      | Reached skill level 1 in Throwing
  1661 | D:4      | Reached skill level 1 in Stealth
  1661 | D:4      | Reached skill level 1 in Shields
  1661 | D:4      | Reached skill level 1 in Unarmed Combat
  1661 | D:4      | Reached skill level 1 in Evocations
  1661 | D:4      | Reached XP level 4. HP: 38/38 MP: 7/11
  1703 | D:4      | Reached skill level 1 in Conjurations
  1703 | D:4      | Reached skill level 1 in Hexes
  1703 | D:4      | Reached skill level 1 in Summonings
  1703 | D:4      | Reached skill level 1 in Necromancy
  1703 | D:4      | Reached skill level 1 in Translocations
  1703 | D:4      | Reached skill level 1 in Transmutations
  1703 | D:4      | Reached skill level 1 in Fire Magic
  1703 | D:4      | Reached skill level 1 in Ice Magic
  1703 | D:4      | Reached skill level 1 in Air Magic
  1703 | D:4      | Reached skill level 1 in Earth Magic
  1703 | D:4      | Reached skill level 1 in Poison Magic
  1895 | D:3      | Reached XP level 5. HP: 38/43 MP: 12/12
  1900 | D:3      | Noticed a necrophage
  1912 | D:3      | Killed a necrophage
  1912 | D:3      | Reached XP level 6. HP: 28/49 MP: 0/13
  2814 | D:4      | Reached skill level 5 in Fighting
  2814 | D:4      | Reached skill level 5 in Axes
  2814 | D:4      | Reached skill level 5 in Dodging
  3068 | D:4      | Noticed a +0 dagger
  3068 | D:4      | Noticed a +0 hand axe
  3069 | D:4      | Found a hide-covered altar of Uskayaw.
  3178 | D:4      | Found a sacrificial altar of Ru.
  3184 | D:4      | Became a worshipper of Ru the Awakened
  3211 | D:4      | Found Meh Foab's Assorted Antiques.
  3469 | D:4      | Reached XP level 7. HP: 55/55 MP: 12/15
  3876 | D:4      | Found a shimmering blue altar of Sif Muna.
  3901 | D:5      | Entered Level 5 of the Dungeon
  4292 | D:5      | Found a bloodstained altar of Trog.
  4404 | D:5      | Gained mutation: You are hated by all. [Ru sacrifice]
  4404 | D:5      | Reached * piety under Ru
  4453 | D:5      | Reached XP level 8. HP: 62/62 MP: 9/16
  4555 | D:5      | Found a burning altar of Makhleb.
  4872 | D:5      | Noticed Pikel
  5007 | D:5      | Killed Pikel
  5391 | D:5      | Found a blossoming altar of Fedhas.
  5533 | D:6      | Reached XP level 9. HP: 55/68 MP: 8/18
  5811 | D:6      | Noticed Blork the orc
  5820 | D:6      | Killed Blork the orc
  6401 | D:6      | Found an ancient bone altar of Kikubaaqudgha.
  6636 | D:7      | Reached skill level 5 in Armour
  6647 | D:7      | Found Iwosytor's Jewellery Shoppe.
  7243 | D:7      | Found a shadowy altar of Dithmenos.
  7348 | D:7      | Found a staircase to the Ecumenical Temple.
  7632 | D:7      | Found an ornate altar of the Wu Jian Council.
  7699 | D:7      | Reached skill level 5 in Invocations
  7946 | D:7      | Found a runed translucent door.
  7951 | D:7      | Noticed Wanze's ghost (novice HOAK)
  8038 | D:7      | Gained mutation: You are clumsy. (Dex -2) [Ru sacrifice]
  8038 | D:7      | Reached ** piety under Ru
  8116 | D:7      | Reached XP level 10. HP: 65/76 MP: 9/20
  8152 | D:7      | Found a basalt altar of Yredelemnul.
  8465 | D:8      | Noticed Gastronok
  8486 | D:8      | Killed Gastronok
  8486 | D:8      | Reached skill level 5 in Short Blades
  8486 | D:8      | Reached skill level 5 in Long Blades
  8486 | D:8      | Reached skill level 5 in Maces & Flails
  8486 | D:8      | Reached skill level 5 in Polearms
  8486 | D:8      | Reached skill level 5 in Staves
  8486 | D:8      | Reached skill level 5 in Slings
  8486 | D:8      | Reached skill level 5 in Bows
  8486 | D:8      | Reached skill level 5 in Crossbows
  8486 | D:8      | Reached skill level 5 in Throwing
  8486 | D:8      | Reached skill level 5 in Stealth
  8486 | D:8      | Reached skill level 5 in Shields
  8486 | D:8      | Reached skill level 5 in Unarmed Combat
  8486 | D:8      | Reached skill level 5 in Evocations
  8703 | D:8      | Noticed a two-headed ogre
  8709 | D:8      | Killed a two-headed ogre
  8713 | D:8      | Found a staircase to the Lair.
  8884 | D:8      | Noticed Joseph
  8895 | D:8      | Killed Joseph
  9048 | D:8      | Found a bloodstained altar of Trog.
  9130 | D:8      | Found a glowing golden altar of the Shining One.
  9376 | D:9      | Reached XP level 11. HP: 83/83 MP: 20/22
  9914 | D:9      | Found Qiguovas's Assorted Antiques.
 10119 | D:9      | Noticed Harold
 10136 | D:9      | Killed Harold
 10414 | D:9      | Found a runed translucent gate.
 10414 | D:9      | Found a runed translucent gate.
 10415 | D:9      | Found a runed translucent gate.
 10446 | D:9      | Noticed p0werm0de's ghost (novice DDFi)
 10491 | D:10     | Entered Level 10 of the Dungeon
 10771 | D:10     | Found a staircase to the Orcish Mines.
 10832 | D:10     | Gained mutation: You cannot be stealthy. [Ru sacrifice]
 10856 | D:10     | Reached skill level 5 in Conjurations
 10856 | D:10     | Reached skill level 5 in Hexes
 10856 | D:10     | Reached skill level 5 in Summonings
 10856 | D:10     | Reached skill level 5 in Necromancy
 10856 | D:10     | Reached skill level 5 in Translocations
 10856 | D:10     | Reached skill level 5 in Transmutations
 10856 | D:10     | Reached skill level 5 in Fire Magic
 10856 | D:10     | Reached skill level 5 in Ice Magic
 10856 | D:10     | Reached skill level 5 in Air Magic
 10856 | D:10     | Reached skill level 5 in Earth Magic
 10856 | D:10     | Reached skill level 5 in Poison Magic
 10864 | D:10     | Got a pair of shimmering gloves
 10870 | D:10     | Identified the cursed -2 pair of gloves "Igyil" {rElec}
                  | (You found it on level 10 of the Dungeon)
 11008 | D:10     | Found Kiegg's Magic Scroll Shoppe.
 11021 | D:10     | Bought a scroll of remove curse for 33 gold pieces
 11538 | D:11     | Noticed a brown ugly thing
 11542 | D:11     | Killed a brown ugly thing
 11707 | D:11     | Paralysed by a hornet for 1 turns
 11834 | D:11     | Noticed a deep elf mage
 11841 | D:11     | Killed a deep elf mage
 11979 | D:11     | Noticed a two-headed ogre
 11987 | D:11     | Killed a two-headed ogre
 12478 | D:11     | Found a runed translucent gate.
 12479 | D:11     | Found a runed translucent gate.
 12480 | D:11     | Found a runed translucent gate.
 12487 | D:11     | Noticed a minotaur
 12488 | D:11     | Noticed Sedillia's ghost (journeyman DDFi)
 12964 | D:11     | Reached XP level 12. HP: 22/91 MP: 17/24
 13075 | D:11     | Learned a level 3 spell: Mephitic Cloud
 13244 | Lair:1   | Entered Level 1 of the Lair of Beasts
 13247 | Lair:1   | Noticed a five-headed hydra
 13254 | Lair:1   | Killed a five-headed hydra
 13282 | Lair:1   | Learned a level 6 spell: Statue Form
 13369 | Lair:1   | Gained mutation: You cannot drink potions while threatened.
                  | [Ru sacrifice]
 13369 | Lair:1   | Reached *** piety under Ru
 13822 | Lair:1   | HP: 3/92 [poisoned by a black mamba]
 13827 | D:8      | HP: 2/92 [poisoned by a black mamba]
 13832 | D:8      | HP: 2/92 [poisoned by a black mamba]
 13839 | D:8      | HP: 4/92 [poisoned by a black mamba]
 14181 | Lair:1   | Found a sparkling altar of Nemelex Xobeh.
 14304 | D:7      | Bought an uncursed ring of wizardry for 360 gold pieces
 14576 | Lair:2   | Got an ancient battleaxe
 14577 | Lair:2   | Identified the +2 battleaxe of Suskiov {freeze, MR+ MP+9
                  | Str+3} (You found it on level 2 of the Lair of Beasts)
 14848 | Lair:2   | Found a hole to the Spider Nest.
 14862 | Lair:2   | HP: 4/92 [poisoned by a wolf spider]
 14865 | Lair:2   | Succumbed to a wolf spider's poison

Illustrated notes

Levels and vault maps discovered:
D:1:      dpeg_arrival_simpleton_a, layout_basic
D:2:      layout_basic, first_ration, st_stairs_12, uniq_crazy_yiuf_cottage
D:3:      layout_basic, minmay_randomly_rotated_circles
D:4:      layout_basic, nicolae_overflow_crystal_walls, lemuel_blue_sif_altar,
          dancing_weapons_uskayaw, serial_shops, shop
D:5:      layout_rooms, fedhas_altar_fruit_tree, old_standard_altar,
          kennysheep_mini, uniq_pikel
D:6:      layout_loops_cross, lemuel_crystal_altar, uniq_blork_the_orc
D:7:      layout_rooms, grunt_dithmenos_smoke_and_mirrors,
          kennysheep_little_box, lemuel_mausoleum_altar_yredelemnul,
          minmay_temple_entry_gardened_gates, ebering_ghost_reflecting_pool,
          serial_shops, nicolae_shop_statue_plus, the_bakery,
          kennysheep_generic_room_9
D:8:      layout_rooms, tso_altar, lair_entry_dummy, trog_hazing_becter,
          uniq_joseph, uniq_gastronok
D:9:      layout_basic, serial_shops, nicolae_shop_waterfront,
          gammafunk_ghost_necromancy, uniq_harold
D:10:     layout_rooms, david_orc_2, serial_shops, shop_statue
D:11:     layout_irregular_city, maelrawn_ghost_gauntlet_escape,
          minmay_librarian
Lair:1:   layout_regular_city, basic_altar
Lair:2:   layout_chaotic_city, spider_nest_entry_funnel_web, fungi_pond_lemuel,
          grunt_megastairs_4

Skill      XL: |  1  2  3  4  5  6  7  8  9 10 11 12 |
---------------+-------------------------------------+-----
Spellcasting   | 5 6 7 8 |  8.8
Invocations    | 1 2 3 4 5 6 7 |  7.8
Short Blades   | 1 2 3 4 5 6 7 |  7.1
Long Blades    | 1 2 3 4 5 6 7 |  7.1
Maces & Flails | 1 2 3 4 5 6 7 |  7.1
Polearms       | 1 2 3 4 5 6 7 |  7.1
Staves         | 1 2 3 4 5 6 7 |  7.1
Slings         | 1 2 3 4 5 6 7 |  7.1
Bows           | 1 2 3 4 5 6 7 |  7.1
Crossbows      | 1 2 3 4 5 6 7 |  7.1
Throwing       | 1 2 3 4 5 6 7 |  7.1
Stealth        | 1 2 3 4 5 0 |  0.0
Shields        | 1 2 3 4 5 6 7 |  7.1
Unarmed Combat | 1 2 3 4 5 6 7 |  7.1
Evocations     | 1 2 3 4 5 6 7 |  7.1
Conjurations   | 1 2 3 4 5 |  5.9
Hexes          | 1 2 3 4 5 |  5.9
Summonings     | 1 2 3 4 5 |  5.9
Necromancy     | 1 2 3 4 5 |  5.9
Translocations | 1 2 3 4 5 |  5.9
Transmutations | 1 2 3 4 5 |  5.9
Fire Magic     | 1 2 3 4 5 |  5.9
Ice Magic      | 1 2 3 4 5 |  5.9
Air Magic      | 1 2 3 4 5 |  5.9
Earth Magic    | 1 2 3 4 5 |  5.9
Poison Magic   | 1 2 3 4 5 |  5.9
Armour         | 3 4 5 6 7 |  7.6
Fighting       | 5 6 7 8 |  8.5
Axes           | 5 6 7 8 |  8.5
Dodging        | 5 6 7 8 |  8.5
Charms         | 6 7 8 |  8.1

Action                   |  1- 3 |  4- 6 |  7- 9 | 10-12 || total
-------------------------+-------+-------+-------+-------++-------
Melee: Hand axe          |    92 |   132 |       |       ||   224
       Bite              |     5 |    10 |    34 |    64 ||   113
       Punch             |     1 |       |       |       ||     1
       Quarterstaff      |       |     5 |   354 |   559 ||   918
       Battleaxe         |       |       |       |    17 ||    17
Throw: Javelin           |     1 |     3 |    17 |    16 ||    37
       Boomerang         |       |       |       |     3 ||     3
       Throwing net      |       |       |       |     4 ||     4
 Cast: Infusion          |     2 |    10 |    24 |    30 ||    66
       Song of Slaying   |       |     5 |    13 |    17 ||    35
       Shroud of Golubri |       |       |       |    11 ||    11
Invok: Sacrifice Love    |       |       |     1 |       ||     1
       Sacrifice Purity  |       |       |     1 |       ||     1
       Sacrifice Stealth |       |       |       |     1 ||     1
       Draw Out Power    |       |       |       |     1 ||     1
       Sacrifice Drink   |       |       |       |     1 ||     1
Evoke: Wand              |       |       |     5 |    28 ||    33
  Use: Scroll            |     5 |     4 |     9 |    14 ||    32
 Stab: Sleeping          |     1 |     2 |     4 |     3 ||    10
       Distracted        |       |       |     1 |     3 ||     4
       Invisible         |       |       |       |     4 ||     4
  Eat: Chunk             |     2 |     6 |    15 |    23 ||    46
       Ration            |       |       |       |     1 ||     1
Armor: Leather armour    |    16 |       |       |       ||    16
       Ring mail         |     3 |    41 |   157 |    77 ||   278
       Troll leather arm |       |       |       |   167 ||   167
Dodge: Dodged            |    63 |    81 |   245 |   545 ||   934
